 Dungeon Crawl Stone Soup version 0.30.1-3-gfc49f6343a (webtiles) character file.

Game seed: 7116379552806168801

2283 Atelerd the Geomancer (level 9, 0/53 HPs)
             Began as an Octopode Earth Elementalist on Aug 2, 2023.
             Was an Initiate of Sif Muna.
             Succumbed to a kobold brigand's poison
             ... in a bailey.
             The game lasted 00:13:17 (6045 turns).

Atelerd the Geomancer (Octopode Earth Elementalist) Turns: 6045, Time: 00:13:18

Health: 0/53       AC:  1    Str:  5 (8)  XL:     9   Next: 39%
Magic:  10/20      EV: 13    Int: 20 (21) God:    Sif Muna [......]
Gold:   169        SH:  0    Dex: 12      Spells: 17/22 levels left

rFire   + . .        q - +2 short sword (elec)
rCold   + + .        (no shield)
rNeg    . . .        (helmet restricted)
rPois   +            n - amulet of the acrobat
rElec   +            f - ring of wizardry
rCorr   +            (no ring)
SInv    .            (no ring)
Will    .....        (no ring)
Stlth   ++++         (no ring)
HPRegen 0.28/turn    (no ring)
MPRegen 0.17/turn    (no ring)
                     (no ring)

%: acrobat, wizardry (x1)
@: brilliant, lethally poisoned (0 -> -2), resistant, on berserk cooldown,
hasted and slowed
A: almost no armour, amphibious, 8 rings, camouflage 1, gelatinous body 1,
(nimble swimmer 1), tentacles, cold resistance 1, MP-powered wands
a: Renounce Religion


You were in a bailey.
You worshipped Sif Muna.
Sif Muna was noncommittal.
You visited 2 branches of the dungeon, and saw 8 of its levels.
You also visited: Bailey.

You collected 202 gold pieces.
You spent 33 gold pieces at shops.

Inventory:

Hand Weapons
 d - the +1 mace of the Scorpion {freeze, rPois Dex+2 Stlth+}
   (You found it in a bailey)

   Dex:       It affects your dexterity (+2).
   rPois:     It protects you from poison.
   Stlth:     It makes you more stealthy.
 q - a +2 short sword of electrocution (weapon)
Armour
 e - a +0 buckler
Jewellery
 f - a ring of wizardry (left tentacle)
 n - an amulet of the acrobat (around mantle)
Wands
 s - a wand of digging (5)
Scrolls
 b - 2 scrolls of immolation
 c - 2 scrolls of teleportation
 j - a scroll of amnesia {unknown}
 l - a scroll of vulnerability {unknown}
 p - a scroll of brand weapon {unknown}
 r - a scroll of enchant armour
 v - a scroll of summoning {unknown}
 w - a scroll of noise {unknown}
Potions
 k - 2 potions of degeneration
 o - a potion of berserk rage


   Skills:
 - Level 1.0 Fighting
 - Level 1.0 Short Blades
 - Level 2.0 Dodging
 - Level 6.0 Stealth
 - Level 1.0 Shields
 - Level 0.2 Unarmed Combat
 + Level 7.3 Spellcasting
 - Level 4.0 Transmutations
 - Level 8.0 Earth Magic


You had 17 spell levels left.
You knew the following spells:

 Your Spells              Type           Power      Damage    Failure   Level
a - Sandblast             Erth           100%       2d20      1%          1
p - Petrify               Tmut/Erth      47%        N/A       3%          4

Your spell library contained the following spells:

 Spells                   Type           Power      Damage    Failure   Level
 Passwall                 Tmut/Erth      39%        N/A       1%          2
 Stone Arrow              Conj/Erth      70%        3d11      2%          3
 Apportation              Tloc           22%        N/A       3%          1
 Necrotise                Necr           44%        1d6       3%          1
 Slow                     Hex            44%        N/A       3%          1
 Summon Small Mammal      Summ           44%        N/A       3%          1


Dungeon Overview and Level Annotations

Branches:
Dungeon (7/15)             Temple (1/1) D:6          Bailey (1/1)

Altars:
Ashenzari
Dithmenos
Fedhas
Gozag
Hepliaklqana
Nemelex Xobeh
Okawaru
Qazlal
Ru
Sif Muna
Trog
Uskayaw
Vehumet
Wu Jian
Xom
Yredelemnul
Zin
The Shining One

Shops:
D:1 =   D:2 !

Portals:
Abyss: D:4

Annotations:
D:1 exclusion: downstairs
D:4 2 transporters, 1 runed translucent door, exclusion: downstairs, Crazy Yiuf; zen1337's ghost, amateur DsCj
D:6 Menkaure


Innate Abilities, Weirdness & Mutations

You cannot wear most types of armour.
You are amphibious.
You can wear up to eight rings at the same time.
Your skin changes colour to match your surroundings (Stealth+).
Your rubbery body absorbs attacks. (AC +1, EV +1)
((You are camouflaged when in or above water. (Stealth+)))
You have tentacles for arms and can constrict up to eight enemies at once.
Your flesh is cold resistant. (rC+)
You expend magic power (3 MP) to strengthen your wands.


Message History

You feel sick.
The helpless kobold brigand fails to defend itself.
You impale the kobold brigand!!
The kobold brigand is almost dead.
You constrict the kobold brigand.
* * * LOW HITPOINT WARNING * * *
You feel sick.
Unknown command.
The helpless kobold brigand fails to defend itself.
You impale the kobold brigand!!
You kill the kobold brigand!
Sif Muna accepts your kill.
* * * LOW HITPOINT WARNING * * *
You feel sick.
Unknown command.
* * * LOW HITPOINT WARNING * * *
You feel sick.
You feel a strong urge to attack something.
* * * LOW HITPOINT WARNING * * *
You feel sick.
Things that are here:
2 boomerangs; a kobold skeleton
* * * LOW HITPOINT WARNING * * *
You feel sick.
Items here: (( ) ÷.
You feel your anger nearly subside.
You are no longer berserk.
You are exhausted.
You feel yourself slow down.
* * * LOW HITPOINT WARNING * * *
You feel sick.
There is a broken gate, spattered with blood here.
Items here: (( )) ÷÷÷÷.
It was a potion of mutation.
You feel extremely strange.
You feel resistant to cold.
You feel your magical essence link to the dungeon's wands.
* * * LOW HITPOINT WARNING * * *
You feel sick.
It was a potion of resistance.
You feel protected.
You die...

#.###~~....(..~~###.#
#....~~.......~~....#
#####~~.......~~#####
##~..)....~##
####...#### #...#
#o..# #(..# ##@''##
##..∩..## #.......#
#...∩...# ##.....##
#######


You could see an orc warrior.

Vanquished Creatures
  Pikel (D:6)
  An orc knight (Bailey)
  Sigmund (D:2)
  A black bear (D:5)
  An ogre (D:6)
  4 kobold brigands (Bailey)
  3 scorpions
  2 jellies (D:4)
  3 hounds
  A sleepcap (D:6)
  A gnoll bouda (D:6)
  Natasha (thrice) (D:2)
  3 iguanas
  An orc wizard (D:5)
  Robin (D:4)
  4 gnolls (D:6)
  6 adders
  A shadow imp (D:6)
  A white imp (D:6)
  A worm (D:3)
  6 dart slugs
  17 orcs
  11 endoplasms
  7 giant cockroaches
  15 goblins
  8 hobgoblins
  7 jackals
  4 quokkas
  10 ball pythons
  4 bats
  3 frilled lizards
  16 kobolds
  6 rats
154 creatures vanquished.

Notes
Turn   | Place    | Note
-------+----------+-------------------------------------------
     0 | D:1      | Atelerd the Octopode Earth Elementalist began the quest for
                  | the Orb.
     0 | D:1      | Reached XP level 1. HP: 11/11 MP: 3/3
     7 | D:1      | Found a faded altar of an unknown god.
    40 | D:1      | Got Plato's Vellum of the Sphinx
   107 | D:1      | Reached XP level 2. HP: 17/17 MP: 0/5
   411 | D:1      | Found Semmif's One-of-a-Kind Rings.
   649 | D:1      | Reached XP level 3. HP: 21/21 MP: 4/6
  1399 | D:2      | Noticed Sigmund
  1399 | D:2      | Found Odgharphec's Distillery.
  1449 | D:2      | Noticed Natasha
  1453 | D:2      | Killed Natasha
  1454 | D:2      | Reached skill level 4 in Earth Magic
  1454 | D:2      | Reached XP level 4. HP: 27/27 MP: 0/7
  1610 | D:2      | Bought a potion of lignification for 33 gold pieces
  1636 | D:2      | Learned a level 4 spell: Petrify
  1676 | D:2      | Killed Sigmund
  1677 | D:2      | Reached XP level 5. HP: 31/31 MP: 5/9
  1677 | D:2      | Reached XP level 6. HP: 36/36 MP: 5/10
  1839 | D:2      | Noticed Natasha
  1847 | D:2      | Killed Natasha
  1849 | D:2      | Noticed Natasha
  1853 | D:2      | Killed Natasha
  1945 | D:2      | Reached skill level 5 in Earth Magic
  3102 | D:4      | Found a transporter.
  3183 | D:4      | Found a transporter.
  3326 | D:4      | Noticed Robin
  3332 | D:4      | Killed Robin
  3333 | D:4      | Reached XP level 7. HP: 28/41 MP: 0/12
  3617 | D:4      | Reached skill level 6 in Earth Magic
  3731 | D:4      | Found a one-way gate to the infinite horrors of the Abyss.
  3731 | D:4      | Noticed zen1337's ghost (amateur DsCj)
  3738 | D:4      | Noticed a toenail golem
  3949 | D:4      | Found a shadowy altar of Dithmenos.
  4081 | D:4      | Found a runed translucent door.
  4082 | D:4      | Noticed Crazy Yiuf
  4096 | D:5      | Entered Level 5 of the Dungeon
  4339 | D:5      | Reached skill level 1 in Shields
  4506 | D:5      | Reached skill level 1 in Fighting
  4506 | D:5      | Reached skill level 1 in Short Blades
  4596 | D:5      | Reached XP level 8. HP: 48/48 MP: 11/14
  4656 | D:5      | Found an opulent altar of Gozag.
  4851 | D:6      | Reached skill level 5 in Stealth
  4924 | D:6      | Noticed Pikel
  4964 | D:6      | Killed Pikel
  4965 | D:6      | Reached skill level 7 in Earth Magic
  5110 | D:6      | Noticed Menkaure
  5290 | D:6      | Reached skill level 5 in Spellcasting
  5290 | D:6      | Reached skill level 8 in Earth Magic
  5414 | D:6      | Found a staircase to the Ecumenical Temple.
  5432 | Temple   | Entered the Ecumenical Temple
  5526 | Temple   | Became a worshipper of Sif Muna the Loreminder
  5701 | D:7      | Found a flagged portal.
  5707 | Bailey   | Entered a bailey
  5732 | Bailey   | Reached XP level 9. HP: 27/53 MP: 8/17
  5908 | Bailey   | Identified the +1 mace of the Scorpion {freeze, rPois Dex+2
                  | Stlth+}
  5937 | Bailey   | Noticed an orc knight
  5965 | Bailey   | Killed an orc knight
  6043 | Bailey   | HP: 2/53 [poisoned by a kobold brigand]
  6044 | Bailey   | Gained mutation: Your flesh is cold resistant. (rC+)
                  | [potion of mutation]
  6044 | Bailey   | Gained mutation: You expend magic power (3 MP) to
                  | strengthen your wands. [potion of mutation]
  6045 | Bailey   | Succumbed to a kobold brigand's poison

Illustrated notes

Levels and vault maps discovered:
D:1:      mrwooster_arrival_arrow, layout_loops_corners,
          shapermc_ecumenical_altar_rom_forum, minmay_hedge_maze,
          minmay_misc_feat_doors, nicolae_shop_unique_rings
D:2:      layout_basic, serial_shops, shop, corexii_shack, uniq_natasha,
          uniq_sigmund
D:3:      minmay_angry_zag, layout_rooms
D:4:      layout_loops_ring, grunt_dithmenos_smoke_and_mirrors,
          gammafunk_ghost_abyssal_escape, uniq_crazy_yiuf_cottage, uniq_robin
D:5:      nicolae_cairo_tiling_very_big, layout_cave_pools,
          nicolae_gozag_cash_rules_everything_around_me
D:6:      layout_basic, minmay_temple_entry_overgrown, serial_park_tiny_1,
          kennysheep_generic_room_2, uniq_menkaure, uniq_pikel, uniq_duvessa
D:7:      wander_river, layout_gridville, enter_bailey_2, kennysheep_boxes
Temple:   lightli_temple_of_artemis
Bailey:   bailey_axe_3, bailey

Skill      XL: |  1  2  3  4  5  6  7  8  9 |
---------------+----------------------------+-----
Stealth        | 3 4 6 |  6.0
Transmutations | 2 3 4 |  4.0
Earth Magic    | 4 5 6 8 |  8.0
Spellcasting   | 3 4 5 7 |  7.3
Shields        | 1 |  1.0
Fighting       | 1 |  1.0
Short Blades   | 1 |  1.0
Dodging        | |  2.0
Unarmed Combat | |  0.2

Action                     |  1- 3 |  4- 6 |  7- 9 || total
---------------------------+-------+-------+-------++-------
  Melee: Unarmed           |    25 |       |       ||    25
         Tentacles         |    15 |       |    18 ||    33
         Constrict         |     4 |     1 |    12 ||    17
         Punch             |     2 |       |     1 ||     3
         Dagger            |       |     2 |       ||     2
         Short sword       |       |       |    48 ||    48
   Cast: Sandblast         |    44 |    98 |    79 ||   221
         Petrify           |       |     1 |    20 ||    21
    Use: Potion            |       |     2 |    11 ||    13
         Scroll            |       |       |     7 ||     7
   Stab: Sleeping          |     1 |       |     1 ||     2
         Petrified         |       |       |    34 ||    34
 Armour: Skin              |     1 |    14 |     4 ||    19
  Dodge: Dodged            |     6 |    19 |    57 ||    82
